 Dungeon Sprint DCSS version 0.27.1-33-g824d729ab1 (webtiles) character file.

Game seed: 11339837570825648828

12467 manyhoops the Imperceptible (level 11, -26/47 HPs)
             Began as a Spriggan Enchanter on Nov 28, 2021.
             Was the Champion of Dithmenos.
             Killed from afar by a fire giant (39 damage)
             ... with a bolt of fire
             ... in the Dungeon (Sprint I: "Red Sonja").
             The game lasted 00:19:39 (2787 turns).

manyhoops the Imperceptible (Spriggan Enchanter)    Turns: 2787, Time: 00:19:40

Health: -26/47     AC:  6    Str:  4    XL:     11   Next: 62%
Magic:  19/25      EV: 29    Int: 17    God:    Dithmenos [******]
Gold:   8          SH:  5    Dex: 19    Spells: 4/28 levels left

rFire    . . .     SeeInvis +   y - +3 dagger of Honour {distort, rElec rC++ rN+ Will-}
rCold    + + .     Faith    .   s - +0 buckler {AC+3}
rNeg     + . .     Spirit   .   b - +1 robe
rPois    .         Reflect  .   (helmet restricted)
rElec    +         Harm     .   n - scarf {+Inv}
rCorr    .         Rampage  .   (gloves unavailable)
Will     +....     NoTele   +   (boots unavailable) Stlth ********++
                                (no amulet)
HPRegen  0.15/turn              z - ring of willpower
MPRegen  0.19/turn              t - ring of flight

@: flying, wreathed by umbra, studying Earth Magic, very quick
A: very small, no large weapons, unfitting armour, see invisible, speed 3
a: Renounce Religion, Evoke Invisibility, Shadow Step, Shadow Form


You were in the Dungeon.
You worshipped Dithmenos.
Dithmenos was exalted by your worship.
You visited 1 branch You collected 3869 gold pieces.
You spent 3861 gold pieces at shops.

Inventory:

Hand Weapons
 a - a +1 dagger
 k - a +1 short sword of distortion
 y - the +3 dagger of Honour (weapon) {distort, rElec rC++ rN+ Will-}
   (You bought it in a shop in the Dungeon)

   It warps and distorts space around it, and may blink, banish, or inflict
   extra damage upon those it strikes.
   Unwielding it can cause banishment or high damage.
   rC:        It greatly protects you from cold.
   rElec:     It insulates you from electricity.
   rN:        It protects you from negative energy.
   Will:      It decreases your willpower.
Missiles
 j - 20 poisoned darts
 l - 4 curare-tipped darts
Armour
 b - a +1 robe (worn)
 n - a scarf of invisibility (worn)
 o - the +9 fire dragon scales of Going Fast {rF++ rC- Slay+3}
   (You found it in the Dungeon)

   Slay:      It affects your accuracy & damage with ranged weapons and melee
   (+3).
   rF:        It greatly protects you from fire.
   rC:        It makes you vulnerable to cold.
 s - a +0 buckler of protection (worn)
Jewellery
 t - a ring of flight (right hand)
 z - a ring of willpower (left hand)
Wands
 g - a wand of polymorph (3)
 q - a wand of flame (15)
 v - a wand of paralysis (3)
 x - a wand of mindburst (10)
Scrolls
 h - 2 scrolls of blinking
 m - 6 scrolls of identify
 p - 2 scrolls of fog
 r - a scroll of magic mapping
 w - a scroll of vulnerability
Potions
 c - 3 potions of curing
 d - 5 potions of heal wounds
 e - a potion of haste
 f - 2 potions of magic
 i - a potion of berserk rage
 u - a potion of degeneration


   Skills:
 - Level 9.4 Short Blades
 - Level 16.1 Dodging
 - Level 26.0 Stealth
 - Level 9.1 Spellcasting
 - Level 14.5 Hexes
 + Level 10.1 Earth Magic


You had 4 spell levels left.
You knew the following spells:

 Your Spells              Type           Power      Damage    Failure   Level
a - Corona                Hex            61%        N/A       1%          1
b - Ensorcelled Hibernat  Hex/Ice        64%        N/A       1%          2
c - Confusing Touch       Hex            55%        N/A       1%          3
d - Tukima's Dance        Hex            55%        N/A       1%          3
e - Dazzling Flash        Conj/Hex       64%        N/A       2%          3
f - Summon Guardian Gole  Hex/Summ       32%        N/A       2%          3
g - Mephitic Cloud        Conj/Pois/Air  7%         N/A       43%         3
h - Iron Shot             Conj/Erth      12%        9d3       96%         6

Your spell library contained the following spells:

 Spells                   Type           Power      Damage    Failure   Level
 Magic Dart               Conj           28%        1d4       16%         1
 Summon Small Mammal      Summ           28%        N/A       16%         1
 Animate Armour           Summ/Erth      50%        N/A       19%         4
 Call Imp                 Summ           7%         N/A       24%         2
 Call Canine Familiar     Summ           7%         N/A       43%         3
 Blade Hands              Tmut           3%         N/A       99%         5


Dungeon Overview and Level Annotations

Branches:
Dungeon (1/1)

Altars:
Cheibriados
Dithmenos
Elyvilon
Fedhas
Gozag
Hepliaklqana
Kikubaaqudgha
Makhleb
Nemelex Xobeh
Okawaru
Qazlal
Ru
Sif Muna
Trog
Uskayaw
Vehumet
Wu Jian
Xom
Yredelemnul
Zin
The Shining One
Jiyva
Lugonu

Shops:
D ((**?(*:?[?![=[[*


Innate Abilities, Weirdness & Mutations

You are very small and have problems with some larger weapons.
You are too small for most types of armour.
You have supernaturally acute eyesight. (SInv)
You cover ground extremely quickly. (Speed+++)


Message History

As you read the scroll of blinking, it crumbles to dust.
You reach down and close the door.
There is an open door here.
You reach down and close the door.
There is an open door, spattered with blood here.
You start resting.
Magic restored.
There is an open door, spattered with blood here.
Casting: Mephitic Cloud (quite dangerous; 43% risk of failure)
Confirm with . or Enter, or press ? or * to list all spells.
Aiming: Ensorcelled Hibernation (safe; 1% risk of failure)
Press: ? - help, Shift-Dir - straight line, f - fire giant
Aim: a fire giant, wielding a +0 great sword of flaming (purple smoke, wandering, hasn't noticed you, umbra, chance to affect: 14%)
The fire giant resists with almost no effort.
Your shadow mimicks your spell!
The fire giant resists with almost no effort.
Casting: Ensorcelled Hibernation (safe; 1% risk of failure)
Confirm with . or Enter, or press ? or * to list all spells.
Aiming: Ensorcelled Hibernation (safe; 1% risk of failure)
Press: ? - help, Shift-Dir - straight line, f/p - fire giant
Aim: a fire giant, wielding a +0 great sword of flaming (purple smoke, umbra, chance to affect: 14%)
The fire giant resists with almost no effort.
Your shadow mimicks your spell!
The fire giant resists with almost no effort.
The fire giant hits you with a +0 great sword of flaming!!
Ouch! That really hurt!
You emit a cloud of dark smoke.
The fire giant burns you.
* * * LOW HITPOINT WARNING * * *
Casting: Ensorcelled Hibernation (safe; 1% risk of failure)
Confirm with . or Enter, or press ? or * to list all spells.
Aiming: Ensorcelled Hibernation (safe; 1% risk of failure)
Press: ? - help, Shift-Dir - straight line, f/p - fire giant
Aim: a fire giant, wielding a +0 great sword of flaming (umbra, chance to affect: 14%)
The fire giant resists with almost no effort.
Your shadow mimicks your spell!
The fire giant resists with almost no effort.
The fire giant casts a spell at you. The bolt of fire hits you!!!
Ouch! That really hurt!
You die...

#################################
#..'..)#..#§.§§§@§§§..'..#^^+§§§$
'..#...##'#.####§C§§§##§.+^^#$§$§
####)..'.§#.# ###§§.#######+#§$§§
#§§#####.§§§#+#$###'# (|## .#§§§§
§§§#..##+####^.$#y#§##$$$# .##$§§
≈§.§..#..°..#..$###..###$# .≈ ##
≈.§#..#^.°..+..$$$##.#A#$# .≈
#####'###○○^#^....#..###$#


m≈e §.###.'.#.°.###++##.##..$# .≈# You could see a fire giant.

Vanquished Creatures
  A lorocyproca (D)
  A hydra (D)
  2 centaur warriors (D)
  Sonja (D)
  A deep troll (D)
  A lindwurm (D)
  An oklob plant (D)
  A gargoyle (D)
  7 unseen horrors (D)
  2 kobold demonologists (D)
  4 demonic crawlers (D)
  A hornet (D)
  A slime creature (D)
  2 redbacks (D)
  Sigmund (D)
  A yak (D)
  13 hogs (D)
  3 floating eyes (D)
  7 necrophages (D)
  An ogre (D)
  8 jellies (D)
  Ijyb (D)
  A ballistomycete spore (D)
62 creatures vanquished.

Vanquished Creatures (others)
  A gargoyle (D)
  A ballistomycete spore (D)
2 creatures vanquished.

Grand Total: 64 creatures vanquished

Notes
Turn   | Place    | Note
-------+----------+-------------------------------------------
     0 | D        | manyhoops the Spriggan Enchanter began the quest for the
                  | Orb.
     0 | D        | Reached XP level 1. HP: 9/9 MP: 5/5
     1 | D        | Noticed Ijyb
    11 | D        | Killed Ijyb
    12 | D        | Reached skill level 10 in Stealth
    12 | D        | Reached XP level 2. HP: 6/13 MP: 6/6
   221 | D        | Learned a level 2 spell: Ensorcelled Hibernation
   222 | D        | Noticed an ogre
   283 | D        | Killed an ogre
   284 | D        | Reached skill level 14 in Stealth
   284 | D        | Reached XP level 3. HP: 5/16 MP: 2/8
   284 | D        | Reached XP level 4. HP: 7/21 MP: 2/9
   293 | D        | Noticed Sigmund
   296 | D        | Killed Sigmund
   297 | D        | Reached skill level 17 in Stealth
   297 | D        | Reached XP level 5. HP: 8/24 MP: 4/10
   499 | D        | Found an ornate altar of the Wu Jian Council.
   499 | D        | Found a shimmering blue altar of Sif Muna.
   501 | D        | Found a radiant altar of Vehumet.
   506 | D        | Reached skill level 18 in Stealth
   506 | D        | Reached XP level 6. HP: 28/28 MP: 11/11
   508 | D        | Found Isefenki's Antique Weapon Emporium.
   508 | D        | Found an ancient bone altar of Kikubaaqudgha.
   508 | D        | Found a hazy altar of Hepliaklqana.
   508 | D        | Found a stormy altar of Qazlal.
   508 | D        | Found a hide-covered altar of Uskayaw.
   508 | D        | Found a blossoming altar of Fedhas.
   508 | D        | Found a bloodstained altar of Trog.
   508 | D        | Found an iron altar of Okawaru.
   508 | D        | Found a basalt altar of Yredelemnul.
   508 | D        | Found a glowing golden altar of the Shining One.
   508 | D        | Found a snail-covered altar of Cheibriados.
   508 | D        | Found a sacrificial altar of Ru.
   508 | D        | Found a glowing silver altar of Zin.
   508 | D        | Found a shadowy altar of Dithmenos.
   508 | D        | Found a white marble altar of Elyvilon.
   508 | D        | Noticed a yak
   509 | D        | Found an opulent altar of Gozag.
   510 | D        | Killed a yak
   511 | D        | Found a sparkling altar of Nemelex Xobeh.
   517 | D        | Learned a level 3 spell: Confusing Touch
   521 | D        | Learned a level 3 spell: Tukima's Dance
   525 | D        | Became a worshipper of Dithmenos the Shadowed
   555 | D        | Noticed Sonja
   559 | D        | Killed Sonja
   560 | D        | Reached skill level 22 in Stealth
   560 | D        | Reached XP level 7. HP: 32/32 MP: 12/12
   570 | D        | Noticed a deep troll
   585 | D        | Killed a deep troll
   586 | D        | Reached skill level 23 in Stealth
   586 | D        | Reached XP level 8. HP: 10/36 MP: 7/13
   846 | D        | Found Heojos's Weapon Boutique.
   854 | D        | Bought 20 poisoned darts for 104 gold pieces
   878 | D        | Found a burning altar of Makhleb.
   878 | D        | Found a viscous altar of Jiyva.
   878 | D        | Found a shimmering altar of Xom.
   878 | D        | Found a corrupted altar of Lugonu.
   878 | D        | Noticed a slime creature
   881 | D        | Killed a slime creature
   881 | D        | Reached * piety under Dithmenos
   882 | D        | Reached skill level 24 in Stealth
   893 | D        | Noticed a kobold demonologist
   894 | D        | Noticed a kobold demonologist
   898 | D        | Killed a kobold demonologist
   899 | D        | Reached skill level 25 in Stealth
   899 | D        | Reached XP level 9. HP: 36/39 MP: 14/14
   900 | D        | Killed a kobold demonologist
   900 | D        | Reached ** piety under Dithmenos
   901 | D        | Reached skill level 26 in Stealth
   925 | D        | Found Rummorcho's Armour Emporium.
   930 | D        | Bought a scarf of invisibility for 132 gold pieces
   930 | D        | Bought a +0 cloak for 49 gold pieces
   962 | D        | Noticed a centaur warrior
   962 | D        | Noticed a centaur warrior
   965 | D        | Killed a centaur warrior
   966 | D        | Reached skill level 5 in Dodging
   968 | D        | Killed a centaur warrior
   969 | D        | Reached skill level 10 in Dodging
   982 | D        | Noticed an oklob plant
   984 | D        | Killed an oklob plant
   985 | D        | Reached XP level 10. HP: 43/44 MP: 12/15
  1002 | D        | Reached *** piety under Dithmenos
  1049 | D        | Learned a level 3 spell: Dazzling Flash
  1058 | D        | Reached **** piety under Dithmenos
  1061 | D        | Reached skill level 15 in Dodging
  1074 | D        | Noticed a gargoyle
  1078 | D        | Killed a gargoyle
  1081 | D        | Noticed a lorocyproca
  1084 | D        | Killed a lorocyproca
  1085 | D        | Reached skill level 10 in Hexes
  1130 | D        | HP: 2/44 [something (10)]
  1342 | D        | Killed a gargoyle
  1718 | D        | Noticed a lindwurm
  1720 | D        | Killed a lindwurm
  1721 | D        | Reached skill level 5 in Spellcasting
  1732 | D        | Reached ***** piety under Dithmenos
  1742 | D        | Reached XP level 11. HP: 46/47 MP: 11/21
  1818 | D        | Reached ****** piety under Dithmenos
  1997 | D        | Noticed a 12-headed hydra
  1999 | D        | Killed a 12-headed hydra
  2010 | D        | Noticed a deep elf annihilator
  2501 | D        | Identified the +9 fire dragon scales of Going Fast {rF++
                  | rC- Slay+3}
  2537 | D        | Learned a level 3 spell: Summon Guardian Golem
  2541 | D        | Found Mehaeg's General Store.
  2541 | D        | Found Miusepou's Assorted Antiques.
  2541 | D        | Found Hodeuqaw's Magic Scroll Boutique.
  2543 | D        | Found Wetwe's Weapon Emporium.
  2543 | D        | Found Zitoidoc's General Store.
  2543 | D        | Found Ephapnaj's Book Shoppe.
  2543 | D        | Found Ypakk's Magic Scroll Boutique.
  2543 | D        | Found Ulyshrod's Antique Armour Emporium.
  2543 | D        | Found Sari Tock's Magic Scroll Shop.
  2543 | D        | Found Loder's Distillery.
  2546 | D        | Bought a scroll of identify for 20 gold pieces
  2546 | D        | Bought a scroll of magic mapping for 35 gold pieces
  2547 | D        | Bought a scroll of blinking for 82 gold pieces
  2547 | D        | Bought a scroll of blinking for 82 gold pieces
  2547 | D        | Bought a scroll of identify for 22 gold pieces
  2547 | D        | Bought a scroll of identify for 22 gold pieces
  2547 | D        | Bought a scroll of identify for 22 gold pieces
  2547 | D        | Found Titzouh's Armour Boutique.
  2548 | D        | Found Ateliyg's Antique Armour Emporium.
  2548 | D        | Found Jamil's Jewellery Boutique.
  2549 | D        | Found Idymehi's General Store.
  2559 | D        | Bought a +0 buckler of protection for 115 gold pieces
  2566 | D        | Bought a book of Minor Magic for 216 gold pieces
  2568 | D        | Bought a book of Iron for 432 gold pieces
  2573 | D        | Bought a scroll of acquirement for 624 gold pieces
  2576 | D        | Acquired 969 gold pieces
  2581 | D        | Bought a scroll of identify for 22 gold pieces
  2581 | D        | Bought a scroll of identify for 22 gold pieces
  2581 | D        | Bought a scroll of enchant armour for 82 gold pieces
  2582 | D        | Bought a fuming dark potion for 23 gold pieces
  2582 | D        | Bought a jewelled bone wand for 104 gold pieces
  2582 | D        | Bought a scroll labelled GIWYATS SIAV for 26 gold pieces
  2582 | D        | Bought a scroll of identify for 52 gold pieces
  2582 | D        | Bought an iron wand for 104 gold pieces
  2582 | D        | Bought a potion of curing for 78 gold pieces
  2582 | D        | Bought an iron ring for 130 gold pieces
  2585 | D        | Bought a jade ring for 130 gold pieces
  2589 | D        | Bought the +3 dagger of Honour {distort, rElec rC++ rN+
                  | Will-} for 721 gold pieces
  2596 | D        | Learned a level 3 spell: Mephitic Cloud
  2603 | D        | Learned a level 6 spell: Iron Shot
  2613 | D        | Bought a potion of heal wounds for 55 gold pieces
  2613 | D        | Bought a potion of heal wounds for 55 gold pieces
  2613 | D        | Bought a potion of heal wounds for 55 gold pieces
  2617 | D        | Bought a ring of flight for 245 gold pieces
  2631 | D        | Reached skill level 5 in Earth Magic
  2683 | D        | Noticed a daeva
  2697 | D        | Reached skill level 10 in Earth Magic
  2700 | D        | Noticed a fire giant
  2701 | D        | Noticed a fire giant
  2701 | D        | Noticed a fire giant
  2701 | D        | Noticed a fire giant
  2787 | D        | Killed from afar by a fire giant

Illustrated notes

Levels and vault maps discovered:
D:        dungeon_sprint_1 [red_sonja_temple_1, red_sonja_temple_small_1]

Skill      XL: |  1  2  3  4  5  6  7  8  9 10 11 |
---------------+----------------------------------+-----
Stealth        | 10 14 17 18 22 23 25 26 | 26.0
Hexes          | 8 12 14 | 14.5
Short Blades   | 7 9 |  9.4
Dodging        | 12 16 | 16.1
Spellcasting   | 6 9 |  9.1
Earth Magic    | 10 | 10.1

Action                   |  1- 3 |  4- 6 |  7- 9 | 10-12 || total
-------------------------+-------+-------+-------+-------++-------
Melee: Dagger            |     9 |     4 |    10 |    69 ||    92
 Cast: Ensorcelled Hiber |     4 |       |     3 |    14 ||    21
       Dazzling Flash    |       |       |       |     5 ||     5
       Confusing Touch   |       |       |       |     1 ||     1
       Corona            |       |       |       |     1 ||     1
Invok: Shadow Step       |       |       |     1 |     3 ||     4
  Use: Potion            |     1 |       |       |     1 ||     2
       Scroll            |       |       |       |     6 ||     6
 Stab: Sleeping          |     1 |     4 |    10 |    42 ||    57
       Invisible         |       |       |       |     3 ||     3
       Confused          |       |       |       |     1 ||     1
Dodge: Dodged            |     2 |       |     1 |    36 ||    39
Block: Buckler           |       |       |       |     2 ||     2
